 Dungeon Crawl Stone Soup version 0.20.1-1-g8b1a95d (webtiles) character file.

49 KoningWillie the Ducker (level 3, 0/36 HPs)
             Began as a Troll Fighter on Sept 13, 2017.
             Slain by a goblin
             ... wielding a +0 club
             ... led by Robin
              (5 damage)
             ... on level 2 of the Dungeon.
             The game lasted 00:03:23 (1285 turns).

KoningWillie the Ducker (Troll Fighter)             Turns: 1285, Time: 00:03:23

Health: 0/36       AC:  5    Str: 30    XL:     3   Next: 53%
Magic:  2/2        EV:  8    Int:  4    God:
Gold:   75         SH:  9    Dex:  9    Spells: 2/2 levels left

rFire    . . .     SeeInvis .   a - +0 flail
rCold    . . .     Gourm    +   c - +0 shield
rNeg     . . .     Faith    .   b - +0 robe
rPois    .         Spirit   .   (helmet restricted)
rElec    .         Reflect  .   (no cloak)
rCorr    .         Harm     .   (gloves unavailable)
MR       .....                  (boots unavailable)
Stlth    +.........             (no amulet)
Regen    0.6/turn               (no ring)
MPRegen  0.1/turn               (no ring)

@: mighty
A: unfitting armour, claws 3, fast metabolism 3, gourmand, regeneration 1,
shaggy fur 1, tough skin 2
a: no special abilities


You were on level 2 of the Dungeon.
You were full.

You visited 1 branch of the dungeon, and saw 2 of its levels.

You collected 75 gold pieces.

Inventory:

Hand Weapons
 a - a +0 flail (weapon)
Armour
 b - a +0 robe (worn)
 c - a +0 shield (worn)
Jewellery
 i - an uncursed ring of resist corrosion {unknown}
Scrolls
 g - a scroll of enchant weapon {unknown}
 k - a scroll of teleportation {unknown}
Potions
 e - 2 potions of cancellation {unknown}
 h - a potion of brilliance {unknown}
 j - a potion of curing {unknown}
Comestibles
 f - 2 bread rations
 l - a meat ration


   Skills:
 + Level 2.7 Fighting
 + Level 2.5 Maces & Flails
 + Level 2.7 Dodging
 + Level 2.7 Shields


You had 2 spell levels left.
You didn't know any spells.

Dungeon Overview and Level Annotations

Branches:
Dungeon (2/15)

Altars:
Hepliaklqana

Annotations:
D:2 Robin


Innate Abilities, Weirdness & Mutations

You are too large for most types of armour.
You have claws for hands.
Your metabolism is lightning-fast.
You like to eat raw meat.
Your natural rate of healing is unusually fast.
You are covered in fur. (AC +1)
You have very tough skin. (AC +2)


Message History

Robin closely misses you. The goblin hits you with a club.
* * * LOW HITPOINT WARNING * * *
You sock the goblin!
You kill the goblin!
The hobgoblin hits you.
* * * LOW HITPOINT WARNING * * *
The goblin hits you but does no damage. x2; You block Robin's attack.
You block the hobgoblin's attack.
You barely miss the hobgoblin. The hobgoblin hits you with a club.
* * * LOW HITPOINT WARNING * * *
You block the goblin's attack. x2; The hobgoblin barely misses you.
The hobgoblin hits you.
* * * LOW HITPOINT WARNING * * *
The goblin hits you but does no damage. x2
The hobgoblin hits you but does no damage.
You thump the goblin!
You kill the goblin!
The hobgoblin hits you but does no damage.
You block the hobgoblin's attack. The goblin hits you with a club.
You die...

..........(...#..##.........#
...............#..#.#.......#
................#.#.#.......>
...............)†.._.........
..................#.#.......#
.............####..........##
......$......................
..#......).gg###...#.....#.##
...#######.#@##..............
. #gggg..............#
##..............#.!.
###........##.##...
###.....#. .# # #.....#.###
..<. .... !..


You could see Robin, 4 hobgoblins and a goblin.

Vanquished Creatures
  2 dart slugs (D:1)
  3 leopard geckos (D:1)
  2 ball pythons
  A giant cockroach (D:2)
  7 goblins
  3 hobgoblins (D:1)
  8 kobolds
  6 bats (D:1)
  A frilled lizard (D:2)
  6 rats
39 creatures vanquished.

Notes
Turn   | Place    | Note
-------+----------+-------------------------------------------
     0 | D:1      | KoningWillie the Troll Fighter began the quest for the Orb.
     0 | D:1      | Reached XP level 1. HP: 22/22 MP: 0/0
    93 | D:1      | Reached XP level 2. HP: 16/29 MP: 1/1
   612 | D:1      | Reached XP level 3. HP: 36/36 MP: 2/2
  1217 | D:2      | Found a hazy altar of Hepliaklqana.
  1263 | D:2      | Noticed Robin
  1285 | D:2      | Slain by a goblin

Skill      XL: |  1  2 |
---------------+-------+-----
Maces & Flails | 2 |  2.5
Fighting       | |  2.7
Dodging        | |  2.7
Shields        | |  2.7

Action                   || total
-------------------------++-------
Melee: Flail             ||   150
  Use: Potion            ||     1
 Stab: Sleeping          ||     1
  Eat: Chunk             ||    15
Armor: Robe              ||    98
Dodge: Dodged            ||    94
Block: Shield            ||   119
